BSA
NEVADA NOISE @ NASSAU ROCKETS
03/26/2030
 
TOP OF THE 1ST
Nevada Noise batting - Pitching for Nassau Rockets : RHP Paço Boda
Pitching: RHP Paço Boda
Batting: LHB Dave Reynolds 0-0: Swinging Strike
0-1: Ball
1-1: Ground out 4-3 (Groundball, 4)
Batting: RHB Pablo Díaz 0-0: Foul Ball, location: 2F
0-1: Called Strike
0-2: Strikes out swinging
Batting: RHB Mitsuoki Taguchi 0-0: Called Strike
0-1: Ground out U3 (Groundball, 34S)
Top of the 1st over - 0 runs, 0 hits, 0 errors, 0 left on base; Nevada 0 - Nassau 0
BOTTOM OF THE 1ST
Nassau Rockets batting - Pitching for Nevada Noise : RHP Ken Burris
Pitching: RHP Ken Burris
Batting: SHB Edgardo Osorio 0-0: Ball
1-0: Called Strike
1-1: Called Strike
1-2: Foul Ball, location: 2F
1-2: Foul Ball, location: 2F
1-2: Ball
2-2: Ball
3-2: Base on Balls
Batting: LHB Dusty Wilson 0-0: Ball
1-0: Ball
2-0: Called Strike
Edgardo Osorio steals 2nd base
2-1: Foul Ball, location: 2F
2-2: Foul Ball, location: 2F
2-2: Ball
3-2: Base on Balls
Batting: LHB Juan Romero 0-0: Foul Ball, location: 2F
0-1: Fly out, F7 (Flyball, 78M)
Batting: LHB Wilson Allen 0-0: Called Strike
Edgardo Osorio steals 3rd base
Dusty Wilson to second
0-1: Ball
1-1: Ball
2-1: Foul Ball, location: 2F
2-2: Fly out, F7 (Flyball, 78S)
Throwing error, E7
Edgardo Osorio scores
Dusty Wilson to third
Batting: RHB Salvador Borbón 0-0: Ball
1-0: Called Strike
1-1: Foul Ball, location: 2F
1-2: Ball
2-2: 2-RUN HOME RUN (Flyball, 9D), Distance : 386 ft
Batting: RHB Dexter Potter 0-0: Ball
1-0: Ball
2-0: Ground out 5-3 (Groundball, 5L)
Bottom of the 1st over - 3 runs, 1 hit, 1 error, 0 left on base; Nevada 0 - Nassau 3
TOP OF THE 2ND
Nevada Noise batting - Pitching for Nassau Rockets : RHP Paço Boda
Batting: LHB José Román 0-0: Swinging Strike
0-1: Ball
1-1: Swinging Strike
1-2: Foul Ball, location: 2F
1-2: Foul Ball, location: 2F
1-2: Ball
2-2: Strikes out swinging
Batting: RHB Gustavo Rodríguez 0-0: Called Strike
0-1: Ball
1-1: Ball
2-1: Called Strike
2-2: Foul Ball, location: 2F
2-2: Ground out 6-3 (Groundball, 6)
Batting: RHB José Velázquez 0-0: Called Strike
0-1: Ball
1-1: Fly out, F7 (Flyball, 78M)
Top of the 2nd over - 0 runs, 0 hits, 0 errors, 0 left on base; Nevada 0 - Nassau 3
BOTTOM OF THE 2ND
Nassau Rockets batting - Pitching for Nevada Noise : RHP Ken Burris
Batting: RHB Tommy Davenport 0-0: Ball
1-0: Ball
2-0: Fly out, F8 (Flyball, 8RM)
Batting: RHB Aaron Wilson 0-0: Fly out, F5 (Line Drive, 56)
Batting: RHB Kenji Kudo 0-0: Called Strike
0-1: Ground out 4-3 (Groundball, 4M)
Bottom of the 2nd over - 0 runs, 0 hits, 0 errors, 0 left on base; Nevada 0 - Nassau 3
TOP OF THE 3RD
Nevada Noise batting - Pitching for Nassau Rockets : RHP Paço Boda
Batting: RHB John Little 0-0: Ball
1-0: Called Strike
1-1: Foul Ball, location: 2F
1-2: Strikes out swinging
Batting: RHB Fernando Gálvez 0-0: Called Strike
0-1: Ball
1-1: Foul Ball, location: 2F
1-2: Ball
2-2: SOLO HOME RUN (Flyball, 78XD), Distance : 438 ft
Batting: RHB Micheal Banks 0-0: Ball
1-0: Ball
2-0: Ball
3-0: Called Strike
3-1: SINGLE (Groundball, 34D)
Batting: LHB Dave Reynolds 0-0: Called Strike
0-1: Called Strike
0-2: Strikes out swinging
Batting: RHB Pablo Díaz 0-0: Ball
1-0: Ball
2-0: Called Strike
2-1: Ball
3-1: Called Strike
3-2: Fly out, F7 (Flyball, 7LS)
Top of the 3rd over - 1 run, 2 hits, 0 errors, 1 left on base; Nevada 1 - Nassau 3
BOTTOM OF THE 3RD
Nassau Rockets batting - Pitching for Nevada Noise : RHP Ken Burris
Batting: SHB Edgardo Osorio 0-0: Ground out 4-3 (Groundball, 4)
Batting: LHB Dusty Wilson 0-0: Called Strike
0-1: Foul Ball, location: 2F
0-2: Ball
1-2: Ground out 4-3 (Groundball, 4)
Batting: LHB Juan Romero 0-0: SINGLE (Flyball, 7LS)
Batting: LHB Wilson Allen 0-0: Called Strike
0-1: Called Strike
0-2: Ball
1-2: Foul Ball, location: 2F
1-2: Ground out 4-3 (Groundball, 4)
Bottom of the 3rd over - 0 runs, 1 hit, 0 errors, 1 left on base; Nevada 1 - Nassau 3
TOP OF THE 4TH
Nevada Noise batting - Pitching for Nassau Rockets : RHP Paço Boda
Batting: RHB Mitsuoki Taguchi 0-0: Ball
1-0: Fly out, F9 (Flyball, 9D)
Batting: LHB José Román 0-0: Swinging Strike
0-1: Swinging Strike
0-2: Ball
1-2: Strikes out looking
Batting: RHB Gustavo Rodríguez 0-0: Ball
1-0: Called Strike
1-1: SINGLE (Groundball, 6MD)
Batting: RHB José Velázquez 0-0: Called Strike
0-1: Ball
1-1: SINGLE (Line Drive, 8LS)
Gustavo Rodríguez to second
Batting: RHB John Little 0-0: Swinging Strike
0-1: Foul Ball, location: 2F
0-2: Ground out 5-3 (Groundball, 56S)
Top of the 4th over - 0 runs, 2 hits, 0 errors, 2 left on base; Nevada 1 - Nassau 3
BOTTOM OF THE 4TH
Nassau Rockets batting - Pitching for Nevada Noise : RHP Ken Burris
Batting: RHB Salvador Borbón 0-0: Called Strike
0-1: Ball
1-1: Ball
2-1: Ball
3-1: Base on Balls
Batting: RHB Dexter Potter Pickoff Throw to First - Out!
0-0: Ground out U3 (Groundball, 34)
Batting: RHB Tommy Davenport 0-0: Ball
1-0: SINGLE (Groundball, 56D)
Batting: RHB Aaron Wilson 0-0: Ball
1-0: Called Strike
1-1: Ball
2-1: Fielders Choice at 2nd, 6-4 (Groundball, 6)
Bottom of the 4th over - 0 runs, 1 hit, 0 errors, 1 left on base; Nevada 1 - Nassau 3
TOP OF THE 5TH
Nevada Noise batting - Pitching for Nassau Rockets : RHP Paço Boda
Pitching: RHP Kenkichi Morimoto
Batting: RHB Fernando Gálvez 0-0: Ball
1-0: Foul Ball, location: 2F
1-1: Ball
2-1: Fly out, F7 (Flyball, 78D)
Batting: RHB Micheal Banks 0-0: SINGLE (Groundball, 56D)
Batting: LHB Dave Reynolds 0-0: Called Strike
0-1: Ball
1-1: 2-RUN HOME RUN (Flyball, 9D), Distance : 376 ft
Batting: RHB Pablo Díaz 0-0: Ground out 5-3 (Groundball, 56S)
Batting: RHB Mitsuoki Taguchi 0-0: Called Strike
0-1: Ball
1-1: Ball
2-1: Foul Ball, location: 2F
2-2: Foul Ball, location: 2F
2-2: Foul Ball, location: 2F
2-2: Strikes out swinging
Top of the 5th over - 2 runs, 2 hits, 0 errors, 0 left on base; Nevada 3 - Nassau 3
BOTTOM OF THE 5TH
Nassau Rockets batting - Pitching for Nevada Noise : RHP Ken Burris
Pitching: RHP Paul Turberville
Batting: RHB Kenji Kudo 0-0: Ball
1-0: Ground out 1-3 (Groundball, 15)
Batting: SHB Edgardo Osorio 0-0: Called Strike
0-1: SINGLE (Line Drive, 7LS)
Batting: LHB Dusty Wilson 0-0: Ball
1-0: Called Strike
1-1: Foul Ball, location: 2F
1-2: Strikes out looking
Batting: LHB Juan Romero 0-0: Ball
Edgardo Osorio steals 2nd base
1-0: Fly out, F7 (Flyball, 7LM)
Bottom of the 5th over - 0 runs, 1 hit, 0 errors, 1 left on base; Nevada 3 - Nassau 3
TOP OF THE 6TH
Nevada Noise batting - Pitching for Nassau Rockets : RHP Kenkichi Morimoto
Pitching: LHP Rod Adams
Batting: LHB José Román 0-0: Ground out 4-3 (Groundball, 34)
Batting: RHB Gustavo Rodríguez 0-0: Ball
1-0: Foul Ball, location: 2F
1-1: Foul Ball, location: 2F
1-2: Fly out, F6 (Line Drive, 6)
Batting: RHB José Velázquez 0-0: Ball
1-0: Foul Ball, location: 2F
1-1: Foul Ball, location: 2F
1-2: Ball
2-2: Strikes out swinging
Top of the 6th over - 0 runs, 0 hits, 0 errors, 0 left on base; Nevada 3 - Nassau 3
BOTTOM OF THE 6TH
Nassau Rockets batting - Pitching for Nevada Noise : RHP Paul Turberville
Batting: LHB Wilson Allen 0-0: Ball
1-0: Swinging Strike
1-1: Swinging Strike
1-2: Strikes out looking
Batting: RHB Salvador Borbón 0-0: Ball
1-0: Called Strike
1-1: Fly out, F3 (Popup, 3F)
Batting: RHB Dexter Potter 0-0: SINGLE (Groundball, 4D)
Batting: RHB Tommy Davenport 0-0: Ball
1-0: Ball
2-0: Fly out, F9 (Flyball, 9LD)
Bottom of the 6th over - 0 runs, 1 hit, 0 errors, 1 left on base; Nevada 3 - Nassau 3
TOP OF THE 7TH
Nevada Noise batting - Pitching for Nassau Rockets : LHP Rod Adams
Pitching: RHP Brad Sharpe
Batting: RHB John Little 0-0: Ball
1-0: Swinging Strike
1-1: Swinging Strike
1-2: Ball
2-2: Strikes out swinging
Batting: RHB Fernando Gálvez 0-0: Fly out, F7 (Line Drive, 7D)
Batting: RHB Micheal Banks 0-0: Ball
1-0: SOLO HOME RUN (Flyball, 7D), Distance : 384 ft
Pitching: LHP Dennis Taylor
Pinch Hitting: RHB Jim Tracy 0-0: Ball
1-0: Called Strike
1-1: Ball
2-1: Swinging Strike
2-2: Strikes out swinging
Top of the 7th over - 1 run, 1 hit, 0 errors, 0 left on base; Nevada 4 - Nassau 3
BOTTOM OF THE 7TH
Nassau Rockets batting - Pitching for Nevada Noise : RHP Paul Turberville
Now in CF: Luis Cruz
Batting: RHB Aaron Wilson 0-0: Ball
1-0: Foul Ball, location: 2F
1-1: Ball
2-1: Foul Ball, location: 2F
2-2: Ball
3-2: Base on Balls
Pinch Hitting: LHB Andrew Alvarado 0-0: Ball
1-0: Bunt missed!
1-1: Bunted foul
1-2: Ball
2-2: Ground out 4-3 (Groundball, 34)
Aaron Wilson to second
Pinch Hitting: RHB Alejandro Ramírez 0-0: SINGLE (Groundball, 34) (infield hit)
Aaron Wilson to third
Batting: RHB Jesús Villalobos 0-0: Called Strike
0-1: Fly out, F7 (Flyball, 7LS)
Runner from 3rd tags up, SCORES, throw made
Batting: LHB Juan Romero 0-0: Called Strike
Alejandro Ramírez steals 2nd base
0-1: Foul Ball, location: 2F
0-2: Foul Ball, location: 2F
0-2: Foul Ball, location: 2F
0-2: Ground out 6-3 (Groundball, 6)
Bottom of the 7th over - 1 run, 1 hit, 0 errors, 1 left on base; Nevada 4 - Nassau 4
TOP OF THE 8TH
Nevada Noise batting - Pitching for Nassau Rockets : LHP Dennis Taylor
Pitching: LHP Ben Moody
Now in LF: Andrew Alvarado
Now in CF: Alejandro Ramírez
Pinch Hitting: RHB Doug Brown 0-0: Fly out, F8 (Flyball, 8RS)
Pinch Hitting: RHB José Aguilera 0-0: Ball
1-0: Foul Ball, location: 2F
1-1: Ball
2-1: Foul Ball, location: 2F
2-2: Ball
3-2: SINGLE (Flyball, 8RS)
Pinch Hitting: RHB Juan Caceres 0-0: Ball
1-0: Swinging Strike
1-1: Ball
2-1: Swinging Strike
2-2: Strikes out swinging
Pinch Hitting: LHB Milton Watson 0-0: Ball
1-0: Foul Ball, location: 2F
1-1: Ball
Wild Pitch!
José Aguilera to second
2-1: Ball
3-1: Base on Balls
Pinch Hitting: LHB Richard Hinkle 0-0: Ball
1-0: DOUBLE (Line Drive, 89XD)
José Aguilera scores
Milton Watson to third
Runner from 3rd tries for Home, SAFE, throw made at trailing runner, OUT at third!
Top of the 8th over - 2 runs, 2 hits, 0 errors, 0 left on base; Nevada 6 - Nassau 4
BOTTOM OF THE 8TH
Nassau Rockets batting - Pitching for Nevada Noise : RHP Paul Turberville
Pitching: LHP David Taylor
Now at 1B: Richard Hinkle
Now at 3B: Justin Geoghegan
Now at SS: Juan Caceres
Now in LF: José Aguilera
Now in RF: Milton Watson
Batting: LHB Wilson Allen 0-0: Ground out 4-3 (Groundball, 4)
Batting: RHB Salvador Borbón 0-0: SINGLE (Groundball, 6D)
Batting: RHB Dexter Potter 0-0: Ball
1-0: Ball
2-0: Ball
3-0: Called Strike
3-1: Foul Ball, location: 2F
3-2: Strikes out swinging
Batting: RHB Tommy Davenport 0-0: Fly out, F9 (Flyball, 89D)
Bottom of the 8th over - 0 runs, 1 hit, 0 errors, 1 left on base; Nevada 6 - Nassau 4
TOP OF THE 9TH
Nevada Noise batting - Pitching for Nassau Rockets : LHP Ben Moody
Pitching: RHP Jason Drake
Pinch Hitting: LHB Pablo Reyes 0-0: Called Strike
0-1: Foul Ball, location: 2F
0-2: Strikes out looking
Batting: RHB Fernando Gálvez 0-0: Foul Ball, location: 2F
0-1: Ball
1-1: Ball
2-1: Ball
3-1: Foul Ball, location: 2F
3-2: Ground out 1-3 (Groundball, 15S)
Batting: SHB Derek Roach 0-0: Called Strike
0-1: Foul Ball, location: 2F
0-2: Ball
1-2: Strikes out looking
Top of the 9th over - 0 runs, 0 hits, 0 errors, 0 left on base; Nevada 6 - Nassau 4
BOTTOM OF THE 9TH
Nassau Rockets batting - Pitching for Nevada Noise : LHP David Taylor
Now at C: Ralph Robison
Batting: RHB Aaron Wilson 0-0: SINGLE (Groundball, 34D)
Batting: LHB Andrew Alvarado 0-0: Ball
1-0: Ball
2-0: Grounds into double play, 6-4-3 (Groundball, 6M)
Batting: RHB Alejandro Ramírez 0-0: Ball
1-0: Called Strike
1-1: Ball
2-1: Called Strike
2-2: Foul Ball, location: 2F
2-2: Ball
3-2: Fly out, F9 (Line Drive, 89M)
Bottom of the 9th over - 0 runs, 1 hit, 0 errors, 0 left on base; Nevada 6 - Nassau 4
Saturday, April 7th, 2018 - OOTP Baseball 18.8 Build 76